 Dungeon Crawl Stone Soup version 0.30-a0-585-g9311517 (webtiles) character file.

Game seed: 6701106443358829011

113442 Meow the Devastator (level 16, -4/159 HPs)
             Began as a Naga Conjurer on Jan 1, 2023.
             Was the Champion of Okawaru.
             Slain by a ragged hierophant
             ... wielding a +0 long sword
              (12 damage)
             ... in the Desolation of Salt on Jan 2, 2023.
             The game lasted 01:38:51 (30034 turns).

Meow the Devastator (Naga Conjurer)                Turns: 30034, Time: 01:38:51

Health: -4/159     AC: 24    Str:  6 (9)  XL:     16   Next: 63%
Magic:  21/44      EV:  7    Int: 25 (28) God:    Okawaru [******]
Gold:   3185       SH:  0    Dex:  8 (9)  Spells: 36/45 levels left

rFire   . . .      SeeInvis +    R - +6 broad axe (heavy)
rCold   . . .      Faith    +    (no shield)
rNeg    . . .      Spirit   .    N - +0 troll leather armour
rPois   +          Reflect  .    (helmet restricted)
rElec   +          Harm     .    (no cloak)
rCorr   .          Rampage  .    I - +2 pair of gloves
Will    +....                    Y - +6 lightning scales {swift, rElec}
Stlth   +++                      b - amulet of faith
HPRegen 1.26/turn                O - +4 ring of protection
MPRegen 0.29/turn                L - ring of magical power

@: weak-willed, slowed, very slow
A: AC +5, large, see invisible, deformed body, poison resistance, slowness 2,
spit poison 1, naga tail 2, antennae 1, devolution 1
a: Spit Poison, Renounce Religion, Heroism, Finesse, Duel


You were in the Desolation of Salt.
You worshipped Okawaru.
Okawaru was exalted by your worship.
You visited 5 branches of the dungeon, and saw 24 of its levels.
You also visited: Ossuary and Desolation.

You collected 3347 gold pieces.
You spent 162 gold pieces at shops.

Inventory:

Hand Weapons
 a - a +4 triple sword of holy wrath
 R - a +6 heavy broad axe (weapon)
Missiles
 i - 41 poisoned darts
 l - 217 stones
 p - 4 silver javelins
 q - 4 throwing nets
Armour
 t - a +0 buckler
 E - a +0 helmet
 I - a +2 pair of gloves (worn)
 N - a +0 troll leather armour (worn)
 Y - the +6 lightning scales (worn) {swift, rElec}
   (Okawaru gifted it to you on level 1 of the Orcish Mines)

   It allows the wearer to cover ground more swiftly.
   rElec:     It insulates you from electricity.
Magical Staves
 o - a staff of earth
Jewellery
 b - an amulet of faith (around neck)
 L - a ring of magical power (right hand)
 O - a +4 ring of protection (left hand)
Wands
 c - a wand of mindburst (13)
 e - a wand of paralysis (17)
 r - a wand of quicksilver (3)
 K - a wand of flame (33)
 Z - a wand of polymorph (3)
Scrolls
 d - 4 scrolls of fear
 g - 2 scrolls of teleportation
 j - 10 scrolls of magic mapping
 u - 3 scrolls of blinking
 v - 3 scrolls of poison
 w - 4 scrolls of amnesia
 y - 2 scrolls of silence
 C - 2 scrolls of immolation
 G - 2 scrolls of summoning
 J - 2 scrolls of vulnerability
 M - a scroll of brand weapon
 Q - 4 scrolls of identify
 S - 5 scrolls of fog
Potions
 f - a potion of heal wounds
 h - 7 potions of flight
 k - 2 potions of curing
 m - a potion of haste
 n - a potion of invisibility {unknown}
 s - 6 potions of brilliance
 x - 4 potions of lignification
 z - 3 potions of might
 A - 2 potions of mutation
 B - a potion of cancellation
 D - 3 potions of magic
 F - 7 potions of attraction
 T - 2 potions of berserk rage
 V - 3 potions of ambrosia


   Skills:
 - Level 14.0 Fighting
 + Level 12.1 Axes
 - Level 1.5 Dodging
 - Level 6.0 Stealth
 - Level 15.0 Spellcasting
 - Level 17.0 Conjurations


You had 36 spell levels left.
You knew the following spells:

 Your Spells              Type           Power      Damage    Failure   Level
a - Magic Dart            Conj           100%       1d8       0%          1
b - Searing Ray           Conj           100%       2d8       0%          2
B - Iskenderun's Mystic   Conj/Tloc      57%        2d12      1%          4
T - Blink                 Tloc           36%        N/A       7%          2

Your spell library contained the following spells:

 Spells                   Type           Power      Damage    Failure   Level
 Dazzling Flash           Conj/Hex       100%       N/A       1%          3
 Fulminant Prism          Conj/Hex       28%        3d14      1%          4
 Apportation              Tloc           36%        N/A       4%          1
 Gell's Gravitas          Tloc           18%        N/A       14%         3
 Lesser Beckoning         Tloc           36%        N/A       14%         3
 Portal Projectile        Hex/Tloc       36%        N/A       14%         3
 Teleport Other           Tloc           18%        N/A       14%         3
 Leda's Liquefaction      Hex/Erth       9%         N/A       41%         4
 Manifold Assault         Tloc           18%        N/A       41%         4
 Passage of Golubria      Tloc           18%        N/A       41%         4
 Alistair's Intoxication  Tmut/Pois      12%        N/A       77%         5
 Borgnjor's Vile Clutch   Necr/Erth      9%         N/A       77%         5
 Yara's Violent Unravell  Hex/Tmut       9%         3d6       77%         5
 Eringya's Noxious Bog    Tmut/Pois      9%         N/A       100%        6
 Enfeeble                 Hex            9%         N/A       100%        7
 Storm Form               Tmut/Air       9%         N/A       100%        7
 Call Canine Familiar     Summ           Unusable   N/A       N/A         3
 Tukima's Dance           Hex            Unusable   N/A       N/A         3
 Summon Lightning Spire   Summ/Air       Unusable   N/A       N/A         4
 Dragon's Call            Summ           Unusable   N/A       N/A         9

Dungeon Overview and Level Annotations

Branches:
Dungeon (15/15)            Temple (1/1) D:4            Lair (5/5) D:10
  Slime (0/5) Lair:4          Orc (2/2) D:10            Elf (1/3) Orc:2
 Vaults (0/5) D:14         Depths (0/4) D:15        Ossuary (visited)
Desolation (1/1)
  Swamp: Lair:2-3    Shoals: Lair:2-3     Snake: Lair:2-3    Spider: Lair:2-3

Altars:
Ashenzari
Cheibriados
Dithmenos
Elyvilon
Fedhas
Gozag
Hepliaklqana
Kikubaaqudgha
Makhleb
Nemelex Xobeh
Okawaru
Qazlal
Ru
Sif Muna
Trog
Uskayaw
Vehumet
Wu Jian
Xom
Yredelemnul
Zin
The Shining One
Jiyva

Shops:
Orc:2 ****[

Portals:
Trove: D:12 (give 13 potions of heal wounds)

Annotations:
D:8 1 runed translucent door, steven32's ghost, novice MiGl
D:15 3 runed translucent doors, Kave's ghost, journeyman TrTm
Lair:1 3 runed translucent doors, Notta's ghost, journeyman OgFE
Lair:2 exclusion: 3 oklob plants


Innate Abilities, Weirdness & Mutations

Your serpentine skin is tough. (AC +5)
You have supernaturally acute eyesight. (SInv)
Armour fits poorly on your strangely shaped body.
Your system is resistant to poisons. (rPois)
You cover ground very slowly.
You can spit poison.
You can use your snake-like lower body to constrict enemies.
You have a pair of small antennae on your head.
You have hidden genetic defects.


Message History

Your body is wracked with pain!
* * * LOW HITPOINT WARNING * * *
The ragged hierophant casts a spell at you.
A blast of power from the earth and the saltling strikes you!
* * * LOW HITPOINT WARNING * * *
The saltling hits you.
* * * LOW HITPOINT WARNING * * *
Unknown command.
You hit the imperial myrmidon. Your grab misses the imperial myrmidon.
The imperial myrmidon is severely wounded.
You slash the saltling!
You destroy the saltling!
Okawaru accepts your kill.
You have got your breath back.
The imperial myrmidon hits you but does no damage.
The ragged hierophant casts a spell at you.
A blast of power from the earth strikes you!
The imperial myrmidon closely misses you.
The imperial myrmidon hits you with a +0 scimitar!!
* * * LOW HITPOINT WARNING * * *
Unknown command.
You slash the imperial myrmidon! Your grab misses the imperial myrmidon.
The imperial myrmidon is almost dead.
You slash the ragged hierophant!
The imperial myrmidon points at you and mumbles some strange words.
You feel as though you will be slow longer.
The ragged hierophant hits you but does no damage.
The imperial myrmidon points at you and mumbles some strange words.
You barely resist.
The ragged hierophant hits you but does no damage.
You closely miss the imperial myrmidon. Your grab misses the imperial myrmidon.
The imperial myrmidon is severely wounded.
You hit the ragged hierophant.
The imperial myrmidon hits you but does no damage.
The ragged hierophant hits you but does no damage.
The imperial myrmidon gestures at you while chanting.
Your body is wracked with pain!
* * * LOW HITPOINT WARNING * * *
The ragged hierophant hits you with a +0 long sword!
You die...

......................##
................#.......
...............##.......
...#...........#.....§..
9...................§§§.
.....................§..
...................§§..
.................§§§..
....#........@a..§§§§
...#.........a.§§§§
..........).§§§§§§
.......####..§§.§§
....## §##§...§ ..# a
#§..§ .# . #... 98 ...


You could see a ragged hierophant and an imperial myrmidon (sheltered).

Vanquished Creatures
  Rupert (Orc:1)
  A very ugly thing (D:15)
  A deep elf demonologist (Elf:1)
  Snorg (Orc:2)
  Josephine (D:10)
  A ragged hierophant (Desolation)
  3 vault guards (D:14)
  Erolcha (D:10)
  An ogre mage (Orc:2)
  Harold (Orc:1)
  5 hydras
  A rakshasa (D:15)
  4 centaur warriors
  4 two-headed ogres
  5 catoblepae
  2 tengu warriors
  5 boulder beetles
  A death knight (D:11)
  7 death yaks
  Urug (Lair:5)
  Sonja (Lair:2)
  2 deep elf knights
  4 skeletal warriors
  A glowing orange brain (D:15)
  Pikel (D:9)
  A harpy (shapeshifter) (D:13)
  A wizard (D:12)
  15 deep elf pyromancers
  5 orc knights
  2 deep elf zephyrmancers (Elf:1)
  20 ugly things
  An oklob plant (Lair:5)
  A wolf spider (D:15)
  11 cyclopes
  9 manticores
  4 black mambas
  A torpor snail (Lair:4)
  An elephant (Lair:2)
  A guardian serpent (shapeshifter) (D:15)
  A gargoyle (D:12)
  6 cane toads
  An unseen horror (D:12)
  Maggie (D:9)
  4 rime drakes
  2 kobold demonologists
  3 yaktaurs
  2 tengu conjurers
  2 efreet
  9 komodo dragons
  A queen bee (Lair:2)
  4 trolls
  3 polar bears
  A raiju (shapeshifter) (D:12)
  3 meliai (D:13)
  23 blink frogs
  A hornet (D:9)
  5 saltlings (Desolation)
  8 slime creatures
  2 centaur simulacra (D:15)
  4 water elementals (D:15)
  6 wyverns
  11 wraiths
  62 yaks
  An air elemental (Elf:1)
  A vampire (D:12)
  4 fire bats (Lair:1)
  A fire elemental (Elf:1)
  A golden eye (shapeshifter) (D:13)
  6 basilisks
  A basilisk (shapeshifter) (D:11)
  Grum (D:9)
  4 steam dragons
  12 vampire mosquitoes
  Menkaure (D:6)
  A warg (Orc:1)
  A swamp worm (shapeshifter) (D:15)
  21 water moccasins
  2 acid dragons
  An ice beast (D:7)
  A sky beast (D:6)
  37 orc warriors
  2 black bears
  13 ogres
  19 wolves
  20 centaurs
  A boggart (D:14)
  A lemure (D:9)
  A phantom (D:5)
  2 kobold brigands
  An earth elemental (Elf:1)
  14 bullfrogs
  2 necrophages
  4 gnoll sergeants
  3 scorpions
  4 wights (D:9)
  47 killer bees
  A howler monkey (D:5)
  2 electric eels (D:15)
  16 jellies
  4 hounds
  14 orc priests
  7 iguanas
  13 orc wizards
  8 mummies (Ossuary)
  23 gnolls
  11 adders
  A river rat (Lair:2)
  A shadow imp (D:7)
  3 white imps
  An ufetubus (D:5)
  A worm (shapeshifter) (D:12)
  A worm (D:2)
  3 dart slugs
  50 orcs
  9 endoplasms
  4 giant cockroaches
  2 gnoll zombies (Ossuary)
  8 goblins
  4 hobgoblins
  2 jackals (D:3)
  18 kobolds
  4 quokkas
  7 ball pythons
  2 bats (D:1)
  7 frilled lizards
  A hobgoblin zombie (Ossuary)
  A kobold zombie (Ossuary)
  4 orc zombies (Ossuary)
  5 rats
763 creatures vanquished.

Vanquished Creatures (others)
  A hydra (Lair:5)
  A deep elf knight (Elf:1)
  A wizard (D:14)
  An unseen horror (D:10)
  40 fungi
  81 plants
125 creatures vanquished.

Grand Total: 888 creatures vanquished

Notes
Turn   | Place    | Note
-------+----------+-------------------------------------------
     0 | D:1      | Meow the Naga Conjurer began the quest for the Orb.
     0 | D:1      | Reached XP level 1. HP: 15/15 MP: 3/3
   308 | D:1      | Reached XP level 2. HP: 14/22 MP: 0/5
   311 | D:1      | Learned a level 2 spell: Searing Ray
   807 | D:1      | Reached skill level 5 in Stealth
  1156 | D:1      | Reached XP level 3. HP: 28/28 MP: 3/6
  2004 | D:2      | Found a faded altar of an unknown god.
  2147 | D:2      | Reached XP level 4. HP: 36/36 MP: 4/7
  2768 | D:3      | Reached XP level 5. HP: 41/42 MP: 5/9
  2881 | D:3      | Found a sacrificial altar of Ru.
  3160 | D:3      | Found a hide-covered altar of Uskayaw.
  3691 | D:4      | Reached skill level 5 in Conjurations
  3726 | D:4      | Reached XP level 6. HP: 41/49 MP: 5/11
  3945 | D:4      | Found a sand-covered staircase.
  3952 | Ossuary  | Entered an ossuary
  3958 | Ossuary  | Learned a level 4 spell: Iskenderun's Mystic Blast
  4437 | Ossuary  | Reached XP level 7. HP: 55/55 MP: 7/13
  4534 | Ossuary  | Reached skill level 6 in Conjurations
  4879 | D:4      | Found a staircase to the Ecumenical Temple.
  4921 | Temple   | Entered the Ecumenical Temple
  4921 | Temple   | Found a transporter.
  4921 | Temple   | Found a transporter.
  4923 | Temple   | Found a transporter.
  4923 | Temple   | Found a transporter.
  4941 | Temple   | Became a worshipper of Warmaster Okawaru
  5270 | D:5      | Entered Level 5 of the Dungeon
  5653 | D:5      | Reached skill level 5 in Spellcasting
  5793 | D:5      | Reached skill level 7 in Conjurations
  5793 | D:5      | Reached XP level 8. HP: 62/62 MP: 10/16
  5943 | D:5      | Reached * piety under Okawaru
  6242 | D:5      | Found a snail-covered altar of Cheibriados.
  6272 | D:5      | Found a glowing silver altar of Zin.
  6426 | D:5      | Learned a level 2 spell: Blink
  6576 | D:6      | Noticed Menkaure
  6654 | D:6      | Killed Menkaure
  6702 | D:6      | Reached skill level 8 in Conjurations
  6812 | D:6      | Reached ** piety under Okawaru
  6813 | D:6      | Reached skill level 9 in Conjurations
  6813 | D:6      | Reached skill level 1 in Fighting
  6813 | D:6      | Reached XP level 9. HP: 41/70 MP: 5/19
  7170 | D:6      | Identified the +1 ring mail "Yxan" {Rampage *Corrode Dex+2
                  | Slay+5}
  7178 | D:6      | Found a stormy altar of Qazlal.
  7556 | D:7      | Reached skill level 5 in Fighting
  7699 | D:7      | Reached *** piety under Okawaru
  8064 | D:7      | Found a white marble altar of Elyvilon.
  8370 | D:8      | Reached XP level 10. HP: 96/96 MP: 15/20
  8516 | D:8      | Received a gift from Okawaru
  8561 | D:8      | Reached **** piety under Okawaru
  8575 | D:8      | Found a bloodstained altar of Trog.
  8653 | D:8      | Found an opulent altar of Gozag.
  8743 | D:8      | Found a runed translucent door.
  8743 | D:8      | Noticed steven32's ghost (novice MiGl)
  9283 | D:9      | Reached skill level 10 in Fighting
  9346 | D:9      | Found a shimmering altar of Xom.
  9531 | D:9      | Noticed Grum
  9534 | D:9      | Reached ***** piety under Okawaru
  9589 | D:10     | Entered Level 10 of the Dungeon
  9688 | D:10     | Noticed a kobold demonologist
  9699 | D:10     | Noticed a rust devil
  9701 | D:10     | Killed a kobold demonologist
  9897 | D:10     | Found a glowing golden altar of the Shining One.
  9994 | D:10     | Reached XP level 11. HP: 76/114 MP: 3/21
 10420 | D:10     | Found a staircase to the Lair.
 10773 | D:10     | Found a staircase to the Orcish Mines.
 11025 | D:11     | Noticed a two-headed ogre
 11035 | D:11     | Killed a two-headed ogre
 11325 | D:11     | Reached ****** piety under Okawaru
 11326 | D:11     | Reached skill level 10 in Conjurations
 11335 | D:11     | Received a gift from Okawaru
 11589 | D:11     | Noticed a cyclops
 11602 | D:11     | Killed a cyclops
 11951 | D:9      | Killed Grum
 12076 | D:9      | Found a radiant altar of Vehumet.
 12080 | D:9      | Noticed Pikel
 12089 | D:9      | Killed Pikel
 12090 | D:9      | Reached skill level 11 in Conjurations
 12215 | D:9      | Reached XP level 12. HP: 113/122 MP: 7/25
 12225 | D:9      | Noticed Maggie
 12325 | D:9      | Paralysed by Maggie for 2 turns
 12342 | D:9      | Killed Maggie
 12533 | Lair:1   | Entered Level 1 of the Lair of Beasts
 12542 | Lair:1   | Noticed Notta's ghost (journeyman OgFE)
 12547 | Lair:1   | Found a runed translucent gate.
 12547 | Lair:1   | Found a runed translucent gate.
 12548 | Lair:1   | Found a runed translucent gate.
 12549 | Lair:1   | Noticed a death yak
 12669 | Lair:1   | Identified the +4 barding of Mirth {Regen+ rCorr} (Okawaru
                  | gifted it to you on level 1 of the Lair of Beasts)
 12669 | Lair:1   | Received a gift from Okawaru
 13110 | Lair:1   | Reached skill level 10 in Spellcasting
 13140 | Lair:1   | Reached skill level 12 in Conjurations
 14136 | Lair:2   | Noticed Sonja
 14145 | Lair:2   | Killed Sonja
 14554 | Lair:2   | Reached skill level 13 in Conjurations
 14556 | Lair:2   | Received a gift from Okawaru
 14622 | Lair:2   | Gained mutation: You can use your snake-like lower body to
                  | constrict enemies. [Naga growth]
 14622 | Lair:2   | Reached XP level 13. HP: 102/129 MP: 2/28
 15697 | Lair:4   | Identified the +8 sling of Fragile Peace {elec, rPois rC+
                  | Dex+2}
 15798 | Lair:4   | Reached skill level 14 in Conjurations
 15919 | Lair:4   | Found a viscous altar of Jiyva.
 15920 | Lair:4   | Found a staircase to the Slime Pits.
 16154 | Lair:4   | Identified the +5 ring mail "Tuqoig" {Fly rElec} (Okawaru
                  | gifted it to you on level 4 of the Lair of Beasts)
 16154 | Lair:4   | Received a gift from Okawaru
 16486 | Lair:5   | Entered Level 5 of the Lair of Beasts
 16549 | Lair:5   | Noticed Urug
 16750 | Lair:5   | Killed Urug
 17336 | Lair:5   | Reached skill level 15 in Conjurations
 17740 | Lair:5   | Reached XP level 14. HP: 138/138 MP: 31/31
 18637 | Lair:5   | Received a gift from Okawaru
 18859 | Lair:5   | Identified the +2 helmet of Exclusion {rC- rN++}
 19350 | Orc:1    | Entered Level 1 of the Orcish Mines
 19350 | Orc:1    | Noticed Josephine
 19350 | Orc:1    | Found an iron altar of Okawaru.
 19381 | D:10     | Received a gift from Okawaru
 19382 | D:10     | Reached skill level 16 in Conjurations
 19573 | D:10     | Killed Josephine
 19626 | Orc:1    | Noticed Harold
 19744 | Orc:1    | Noticed Erolcha
 19810 | D:10     | Killed Erolcha
 19856 | Orc:1    | Killed Harold
 20179 | Orc:2    | Entered Level 2 of the Orcish Mines
 20265 | Orc:2    | Noticed Rupert
 20266 | Orc:2    | Noticed Snorg
 20305 | Orc:1    | Killed Rupert
 20305 | Orc:1    | Received a gift from Okawaru
 20305 | Orc:1    | Found the +6 lightning scales {swift, rElec}
 20487 | Orc:2    | Killed Snorg
 20664 | Orc:2    | Found a staircase to the Elven Halls.
 20703 | Orc:2    | Found Ugeutsa Xiyr's General Store.
 21478 | Orc:2    | Found Kocliuqa's General Store.
 21478 | Orc:2    | Found Mitoalas's General Store.
 21480 | Orc:2    | Found Ufucvatre's General Store.
 21482 | Orc:2    | Found Noru's Antique Armour Emporium.
 21486 | Orc:2    | Bought a scroll of blinking for 120 gold pieces
 21487 | Orc:2    | Bought a scroll of teleportation for 42 gold pieces
 22152 | D:12     | Identified the +7 shortbow of Eye-covered Subterfuge
                  | {flame, Int+7}
 22153 | D:12     | Reached XP level 15. HP: 120/151 MP: 29/33
 22428 | D:12     | Received a gift from Okawaru
 23978 | D:12     | Received a gift from Okawaru
 24129 | D:12     | Reached skill level 1 in Axes
 25006 | D:12     | Found a portal to a secret trove of treasure.
 25063 | D:12     | Got the Notes on the Traveller and the Throng
 25085 | D:12     | Reached skill level 17 in Conjurations
 25230 | D:12     | Reached skill level 15 in Spellcasting
 25473 | D:12     | Found a broken altar of Ashenzari.
 25592 | D:12     | Received a gift from Okawaru
 26055 | D:14     | Found a gate to the Vaults.
 26137 | D:14     | Reached skill level 5 in Axes
 26483 | D:14     | Identified a scroll of acquirement
 26484 | D:14     | Acquired 679 gold pieces
 27543 | D:14     | Reached XP level 16. HP: 159/159 MP: 32/35
 27634 | D:14     | Identified the +8 crystal plate armour "Fic Xea" {rN+ Str+4
                  | Int+4} (Okawaru gifted it to you on level 14 of the
                  | Dungeon)
 27634 | D:14     | Received a gift from Okawaru
 27641 | D:15     | Entered Level 15 of the Dungeon
 28592 | D:15     | Reached skill level 10 in Axes
 29143 | D:15     | Found a staircase to the Depths.
 29351 | D:15     | Found a runed translucent gate.
 29352 | D:15     | Found a runed translucent gate.
 29353 | D:15     | Found a runed translucent gate.
 29354 | D:15     | Noticed Kave's ghost (journeyman TrTm)
 29711 | Elf:1    | Entered Level 1 of the Elven Halls
 29741 | Elf:1    | Identified the -2 cloak of Vexation {rF+ Str+5 Dex+3}
                  | (Okawaru gifted it to you on level 1 of the Elven Halls)
 29741 | Elf:1    | Received a gift from Okawaru
 29764 | Orc:2    | Gained mutation: You have a pair of small antennae on your
                  | head. [potion of mutation]
 29764 | Orc:2    | Gained mutation: You have hidden genetic defects. [potion
                  | of mutation]
 29922 | Elf:1    | Paralysed by an air elemental for 1 turns
 29925 | Elf:1    | Paralysed by an air elemental for 1 turns
 29932 | Elf:1    | Found a crumbling gateway.
 29954 | Desolati | Entered the Desolation of Salt
 30034 | Desolati | Slain by a ragged hierophant

Illustrated notes

Levels and vault maps discovered:
D:1:      dpeg_arrival_yet_another_circle, layout_basic
D:2:      layout_rooms, ebering_ecumenical_altar_sacrificial, minivault_25,
          kennysheep_path_1, minmay_worlds_worst_comb
D:3:      layout_basic, hangedman_ru_absence, mainiacjoe_overflow_alcove_1
D:4:      layout_loops_corners, temple_fountains, enter_ossuary_1
D:5:      minmay_bubble_buster, layout_layer_cave, mainiacjoe_overflow_two_lobes
D:6:      layout_basic, mainiacjoe_overflow_paths, serial_bayou_pond_c,
          uniq_menkaure
D:7:      layout_basic, nicolae_elyvilon_temple_path
D:8:      layout_basic, mainiacjoe_overflow_brackets, general_overflow_altar,
          hellmonk_ghost_happy_afterlife
D:9:      layout_small_grid, vehumet_crystals,
          mainiacjoe_overflow_small_starburst, uniq_grum, uniq_pikel,
          uniq_maggie
D:10:     layout_basic, tso_metal_star, lair_entry_dummy, david_orc_2
D:11:     layout_loops_ring
D:12:     minmay_the_grid_square_5x5_4x4 [minmay_the_grid_square_5x5_misaligned,
          minmay_the_grid_square_5x5_almost_minimal,
          minmay_the_grid_square_5x5_two_small,
          minmay_the_grid_square_5x5_bracketed, minmay_the_grid_square_5x5_six,
          minmay_the_grid_square_5x5_prize_itemx,
          minmay_the_grid_square_5x5_prize_snowflake,
          minmay_the_grid_square_5x5_beaten_path,
          minmay_the_grid_square_5x5_three_small,
          minmay_the_grid_square_5x5_prize_pseudospiral,
          minmay_the_grid_square_5x5_prize_deathbox,
          minmay_the_grid_square_5x5_checkered_sparse,
          minmay_the_grid_square_5x5_broken_cross,
          minmay_the_grid_square_5x5_inset, minmay_the_grid_square_5x5_n,
          minmay_the_grid_square_5x5_bridge], layout_cave_pools,
          nicolae_trove_entry_crystal, evilmike_ruin_ashenzari
D:13:     layout_irregular_city, kennysheep_generic_room_10
D:14:     layout_roguey, lightli_vaults_fourway_checkpoint,
          hangedman_corner_corridor
D:15:     gammafunk_enter_depths_forms, layout_small_grid, chequers_big_river,
          gammafunk_ghost_necromancy, minmay_misc_feat_four_crosses
Temple:   hellmonk_temple_divided_pantheon
Lair:1:   layout_chaotic_city, gammafunk_ghost_split
Lair:2:   hangedman_what_comes_after_a, layout_loops_ring, uniq_sonja
Lair:3:   layout_cellular_growth, elwin_shoals_entry_rooms,
          guppyfry_snake_entry_island, gammafunk_ghost_arena, st_stairs_10
Lair:4:   layout_loops_ring, minmay_slime_entry_jelly_boxes
Lair:5:   evilmike_catoblepas_cave, layout_loops_ring, minmay_lair_oklob_bushes,
          uniq_urug
Orc:1:    layout_caves, okawaru_metal_pillars_3, uniq_josephine, uniq_harold,
          uniq_erolcha
Orc:2:    st_orc_rangers, layout_caves, basic_altar, serial_shops,
          nicolae_lakefront_shop, mines4_lemuel, uniq_snorg, uniq_rupert
Elf:1:    eino_elf_arrival_sip, layout_loops_cross,
          portal_desolation_entry_garden, hangedman_elf_represent,
          abandoned_shop
Desolation

Skill      XL: |  1  2  3  4  5  6  7  8  9 10 11 12 13 14 15 16 |
---------------+-------------------------------------------------+-----
Stealth        | 4 5 6 |  6.0
Spellcasting   | 3 4 5 7 9 11 13 14 15 | 15.0
Conjurations   | 5 7 9 11 13 15 16 17 | 17.0
Fighting       | 1 7 11 12 14 | 14.0
Axes           | 7 12 | 12.1
Dodging        | |  1.5

Action                   |  1- 3 |  4- 6 |  7- 9 | 10-12 | 13-15 | 16-18 || total
-------------------------+-------+-------+-------+-------+-------+-------++-------
Melee: Falchion          |       |       |     1 |     6 |       |       ||     7
       Triple sword      |       |       |       |    38 |   400 |       ||   438
       Constrict         |       |       |       |       |   144 |    25 ||   169
       Broad axe         |       |       |       |       |   166 |   139 ||   305
       Punch             |       |       |       |       |     6 |     2 ||     8
 Cast: Magic Dart        |    58 |    60 |    33 |    63 |    97 |    17 ||   328
       Searing Ray       |     1 |    26 |    53 |   151 |   155 |     7 ||   393
       Iskenderun's Myst |       |       |       |    56 |   283 |    78 ||   417
 Abil: Spit Poison       |    21 |    34 |    37 |   101 |   110 |     3 ||   306
Evoke: Wand              |       |       |       |     4 |    10 |       ||    14
  Use: Scroll            |     3 |     1 |     5 |     5 |    22 |    10 ||    46
       Potion            |       |       |       |       |     5 |    18 ||    23
 Stab: Sleeping          |       |       |       |       |     6 |     1 ||     7
       Distracted        |       |       |       |       |     1 |       ||     1
Armor: Robe              |     1 |     5 |     9 |       |       |       ||    15
       Steam dragon scal |       |       |    13 |    16 |       |       ||    29
       Troll leather arm |       |       |       |   166 |   996 |   201 ||  1363
Dodge: Dodged            |     3 |     3 |    33 |   205 |   506 |    62 ||   812

Table legend: (Time is in decaauts)
 A = Elapsed time spent in this place.
 B = Non-inter-level travel time spent in this place.
 C = Inter-level travel time spent in this place.
 D = Time resting spent in this place.
 E = Time spent auto-exploring this place.
 F = Levels seen in this place.
 G = Mean time per level.
                   A        B        C        D        E       F      G
               +--------+--------+--------+--------+--------+-----+--------+
         Total |  36133 |  33974 |   2159 |  10380 |  15925 |  26 | 1389.7 |
       Dungeon |  24161 |  22739 |   1422 |   7016 |  11065 |  15 | 1610.7 |
        Temple |     57 |     38 |     19 |      0 |      8 |   1 |   57.0 |
          Lair |   8473 |   7891 |    582 |   2262 |   3722 |   5 | 1694.6 |
  Orcish Mines |   2424 |   2290 |    134 |    592 |    986 |   2 | 1212.0 |
   Elven Halls |    159 |    159 |      0 |      0 |      0 |   1 |  159.0 |
       Ossuary |    763 |    763 |      0 |    472 |    143 |   1 |  763.0 |
    Desolation |     92 |     92 |      0 |     36 |      0 |   1 |   92.0 |
               +--------+--------+--------+--------+--------+-----+--------+

Top non-repeatable levels by time:
    D:11: 2964 daAuts
  Lair:5: 2860 daAuts
    D:14: 2240 daAuts
  Lair:2: 1980 daAuts
    D:10: 1966 daAuts
     D:1: 1851 daAuts
    D:12: 1802 daAuts
  Lair:4: 1716 daAuts
     D:3: 1686 daAuts
     D:5: 1656 daAuts
    D:15: 1605 daAuts
    D:13: 1558 daAuts
  Lair:1: 1544 daAuts
     D:9: 1377 daAuts
   Orc:2: 1329 daAuts
